 Dungeon Crawl Stone Soup version 0.18.1-5-g4a78601 (webtiles) character file.

44794 Shtopit the Protected (level 14, -15/92 HPs)
             Began as a Gargoyle Berserker on May 14, 2016.
             Was a High Priest of Trog.
             Demolished by a komodo dragon (17 damage)
             ... on level 8 of the Lair of Beasts.
             The game lasted 00:56:12 (19330 turns).

Shtopit the Protected (Gargoyle Berserker)         Turns: 19330, Time: 00:56:13

Health: -15/92     AC: 37    Str: 24    XL:     14   Next: 30%
Magic:  17/17      EV:  9    Int: 10    God:    Trog [*****.]
Gold:   842        SH:  3    Dex:  9    Spells: 0 memorised, 13 levels left

rFire  + . .     SeeInvis +     X - +7 Screaming Sword
rCold  + . .     Gourm    .     d - +3 plate armour {rC+}
rNeg   + . .     Faith    .     (no shield)
rPois  ∞         Spirit   .     T - +0 helmet
rElec  +         Dismiss  .     v - +2 cloak
rCorr  .         Reflect  +     g - +0 pair of gloves
SustAt .         Harm     .     h - +0 pair of boots
MR     +++..                    q - +3 amulet of reflection
Stlth  ..........               N - ring of see invisible
                                H - ring of protection from fire

@: flying, regenerating, extremely resistant to hostile enchantments, extremely
unstealthy
A: big wings, negative energy resistance 1, electricity resistance, unbreathing,
petrification resistance, rot immunity, AC +9
a: Stop Flying, Berserk, Trog's Hand, Brothers in Arms, Burn Spellbooks,
Renounce Religion


You were on level 8 of the Lair of Beasts.
You worshipped Trog.
Trog was extremely pleased with you.
You were hungry.

You visited 2 branches of the dungeon, and saw 16 of its levels.
You also visited: Labyrinth.

You collected 1150 gold pieces.
You spent 308 gold pieces at shops.

Inventory:

Hand Weapons
 a - a +0 vampiric falchion
 A - a +2 long sword of holy wrath
 B - the +8 triple crossbow of Wrath {velocity, +Inv rN+ Int+3 Dex+3}
   (Trog gifted it to you on level 3 of the Lair of Beasts)

   Any bolt fired from it inflicts extra damage.
   It affects your intelligence (+3).
   It affects your dexterity (+3).
   It protects you from negative energy.
   It lets you turn invisible.
 P - the +1 falchion "Fimelui" {flame, rC+ MR- Str+4 Dex+3}
   (You bought it in a shop on level 8 of the Dungeon)

   It has been specially enchanted to burn those struck by it, causing extra
   injury to most foes and up to half again as much damage against particularly
   susceptible opponents.
   Big, fiery blades are also staple armaments of hydra-hunters.
   It affects your strength (+4).
   It affects your dexterity (+3).
   It protects you from cold.
   It affects your resistance to hostile enchantments.
 X - the +7 Screaming Sword (weapon)
   (You found it in a labyrinth)
Missiles
 e - 44 poisoned needles
 z - 5 needles of confusion
 O - 61 bolts
Armour
 d - a +3 plate armour of cold resistance (worn)
 g - a +0 pair of gloves (worn)
 h - a +0 pair of boots (worn)
 v - a +2 cloak (worn)
 T - a +0 helmet (worn)
Jewellery
 q - a +3 amulet of reflection (around neck)
 G - an uncursed ring of resist corrosion
 H - a ring of protection from fire (left hand)
 K - an uncursed ring of fire
 L - an uncursed ring of magical power
 M - an uncursed ring of magical power
 N - a ring of see invisible (right hand)
 Q - an uncursed amulet of dismissal
Wands
 i - a wand of teleportation (3/9)
 j - a wand of lightning (8/15)
 s - a wand of disintegration (8/24)
 t - a wand of flame (38/48)
 x - a wand of iceblast (3/15)
 J - a wand of teleportation (1/9)
Scrolls
 f - 4 scrolls of fog
 l - 5 scrolls of enchant weapon
 n - 2 scrolls of fear
 r - 7 scrolls of teleportation
 y - 3 scrolls of magic mapping
 I - 6 scrolls of remove curse
 R - 3 scrolls of identify
 W - a scroll of brand weapon
Potions
 k - 2 potions of agility
 m - a potion of ambrosia
 p - 3 potions of brilliance
 u - 5 potions of heal wounds
 C - a potion of magic
 D - 2 potions of haste
 E - a potion of curing
 Z - a potion of cancellation
Books
 F - a book of the Warp

   Spells                             Type                      Level
   a - Recall                         Summoning/Translocation      3
   b - Gell's Gravitas                Hexes/Translocation          3
   c - Force Lance                    Conjuration/Translocation    4
   d - Warp Weapon                    Charms/Translocation         5
   e - Summon Forest                  Summoning/Translocation      5
   Trog disapproves of the use of such an item.
Miscellaneous
 U - a plain deck of summoning
Comestibles
 b - 14 fruits
 c - 11 bread rations
 o - 13 meat rations


   Skills:
 + Level 12.4 Fighting
 + Level 13.0 Long Blades
 * Level 5.8 Crossbows
 + Level 13.5 Armour
 + Level 6.4 Dodging
 - Level 1.6 Stealth
 * Level 5.1 Evocations


You had 13 spell levels left.
You didn't know any spells.

Dungeon Overview and Level Annotations

Branches:
Dungeon (8/15)             Temple (0/1) D:7            Lair (8/8) D:8
 Shoals (0/4) Lair:4       Spider (0/4) Lair:4        Slime (0/6) Lair:6

Altars:
Ashenzari
Cheibriados
Dithmenos
Kikubaaqudgha
Makhleb
Nemelex Xobeh
Pakellas
Qazlal
Sif Muna
Trog
Xom
Zin
Jiyva

Shops:
D:4 (   D:6 *   D:8 (

Annotations:
Lair:4 exclusion: oklob plant
Lair:8 exclusion: ice statue


Innate Abilities, Weirdness & Mutations

You are resistant to torment.
Your stone body is resilient (AC +9).
You are immune to poison.
Your large and strong wings let you fly indefinitely.
You resist negative energy.
You are resistant to electric shocks.
You can survive without breathing.
You are immune to petrification.
You are immune to rotting.


Message History

You see here a mottled dragon corpse.
You hit the basilisk.
The basilisk is moderately wounded.
The komodo dragon bites you. The basilisk bites you.
* * * LOW HITPOINT WARNING * * *
You hit the basilisk.
The basilisk is moderately wounded.
The komodo dragon bites you but does no damage.
You miss the basilisk.
The basilisk is moderately wounded.
The basilisk bites you.
* * * LOW HITPOINT WARNING * * *
The komodo dragon bites you!
* * * LOW HITPOINT WARNING * * *
You closely miss the basilisk.
The basilisk is moderately wounded.
The basilisk bites you!
* * * LOW HITPOINT WARNING * * *
The komodo dragon bites you!
You die...

########............
###.P≈≈≈P#... ♣
♣♣.≈≈♣♣# ♣♣♣. ♣.≈♣♣
♣... ♣≈†♣♣ ♣..♣♣♣≈.♣
♣.P♣♣)≈♣ ♣..♣≈†♣♣
♣@l†.♣ ♣l.P♣♣
♣≈≈♣.P♣ .≈≈≈♣♣.♣♣
♣.≈≈P .P♣ ♣♣≈≈P ..♣
♣≈.. .♣♣ ♣≈≈..♣ ≈≈


You could see a komodo dragon and a basilisk.

Vanquished Creatures
  The ghost of BulkMonkey the Nimble, a journeyman DDCK of Makhleb (Lair:1)
  Snorg (Lair:4)
  A minotaur (Lab)
  Josephine (Lair:6)
  The ghost of puimuR the Basher, a journeyman TrWr of the Shining One (Lair:4)
  3 hydras
  6 death yaks (Lair:6)
  A fire crab (Lair:8)
  2 griffons
  7 black mambas
  2 torpor snails (Lair:6)
  13 spiny frogs
  6 rime drakes
  13 komodo dragons
  A two-headed ogre (D:8)
  3 polar bears
  The ghost of nubinia the Pioneer, a novice SpAr of Pakellas (D:7)
  Grinder (D:3)
  8 blink frogs
  9 spriggans (Lair:2)
  2 redbacks (Lair:4)
  7 hippogriffs
  5 wraiths (Lair:6)
  40 yaks
  5 basilisks
  A steam dragon (Lair:8)
  A hungry ghost (D:8)
  2 mottled dragons (Lair:8)
  Edmund (D:5)
  9 water moccasins
  10 porcupines
  3 orc warriors
  2 wasps
  6 ice beasts (Lair:8)
  A sky beast (D:8)
  A phantom (D:4)
  3 centaurs (Lair:4)
  4 ogres
  15 crocodiles
  20 wolves
  Blork the orc (D:6)
  13 giant frogs
  A water moccasin zombie (D:7)
  A wyvern skeleton (D:8)
  3 scorpions
  3 howler monkeys (D:7)
  6 crimson imps
  A jelly (D:8)
  3 giant frog zombies
  3 hounds
  2 quasits
  2 orc priests
  A centaur skeleton (D:3)
  9 iguanas
  11 orc wizards
  Natasha (thrice) (D:3)
  10 sheep
  2 worker ant zombies
  6 adders
  42 river rats
  2 white imps (Lair:8)
  An ooze (D:1)
  4 adder skeletons
  3 worms
  4 dart slugs
  8 giant geckos
  28 orcs
  21 bats
  5 giant cockroaches
  A goblin (D:3)
  5 hobgoblins
  8 jackals
  A quokka (D:2)
  3 ball pythons
  A giant gecko skeleton (D:4)
  3 giant gecko zombies
  6 giant newts
  6 kobolds
  A quokka skeleton (D:4)
  16 rats
  2 fungi (Lair:7)
  2 plants (Lair:7)
473 creatures vanquished.

Vanquished Creatures (others)
  A bush (Lair:2)
  6 fungi
  8 plants
15 creatures vanquished.

Grand Total: 488 creatures vanquished

Notes
Turn   | Place    | Note
--------------------------------------------------------------
     0 | D:1      | Shtopit the Gargoyle Berserker began the quest for the Orb.
     0 | D:1      | Reached XP level 1. HP: 14/14 MP: 1/1
   265 | D:1      | Reached XP level 2. HP: 19/19 MP: 2/2
   521 | D:1      | Reached XP level 3. HP: 24/24 MP: 3/3
   550 | D:1      | Reached ** piety under Trog
  1147 | D:2      | Found a bloodstained altar of Trog.
  1217 | D:2      | Reached XP level 4. HP: 17/29 MP: 4/4
  1818 | D:3      | Found a burning altar of Makhleb.
  1873 | D:3      | Reached XP level 5. HP: 11/33 MP: 5/5
  2146 | D:3      | Reached *** piety under Trog
  2192 | D:3      | Noticed Natasha
  2205 | D:3      | Killed Natasha
  2513 | D:3      | Noticed Grinder
  2539 | D:3      | Reached skill level 1 in Stealth
  2547 | D:3      | Paralysed by Grinder for 5 turns
  2558 | D:3      | Killed Grinder
  2558 | D:3      | Reached XP level 6. HP: 16/39 MP: 6/6
  2607 | D:3      | Noticed Natasha
  2618 | D:3      | Killed Natasha
  2732 | D:3      | Noticed Natasha
  2741 | D:3      | Killed Natasha
  2741 | D:3      | Reached XP level 7. HP: 34/44 MP: 7/7
  3013 | D:4      | Found a deep blue altar of Sif Muna.
  3490 | D:4      | Found Baat's Antique Weapon Boutique.
  3515 | D:4      | Bought a runed long sword for 84 gold pieces
  3637 | D:4      | Reached skill level 5 in Fighting
  3836 | D:5      | Entered Level 5 of the Dungeon
  3912 | D:5      | Noticed Edmund
  3928 | D:5      | Killed Edmund
  3928 | D:5      | Reached XP level 8. HP: 43/49 MP: 8/8
  4127 | D:5      | Reached skill level 5 in Armour
  4192 | D:5      | Reached skill level 5 in Long Blades
  4303 | D:5      | Noticed a yak
  4304 | D:5      | Noticed a yak
  4304 | D:5      | Noticed a yak
  4304 | D:5      | Noticed a yak
  4305 | D:5      | Noticed a yak
  4307 | D:5      | Noticed a yak
  4323 | D:5      | Killed a yak
  4323 | D:5      | Reached **** piety under Trog
  4323 | D:5      | Reached skill level 5 in Dodging
  4325 | D:5      | Killed a yak
  4336 | D:5      | Killed a yak
  4343 | D:5      | Killed a yak
  4343 | D:5      | Reached XP level 9. HP: 22/56 MP: 9/9
  4360 | D:5      | HP: 1/56 [yak (5)]
  4701 | D:5      | Found a sparkling altar of Nemelex Xobeh.
  5372 | D:6      | Noticed Blork the orc
  5392 | D:6      | Killed Blork the orc
  5513 | D:6      | Found Zin's Purification Station.
  5518 | D:6      | Found a glowing silver altar of Zin.
  5784 | D:6      | Found a shimmering altar of Xom.
  5785 | D:6      | Found a shimmering altar of Xom.
  5785 | D:6      | Found a shimmering altar of Xom.
  5791 | D:6      | Found a shimmering altar of Xom.
  5792 | D:6      | Found a shimmering altar of Xom.
  5910 | D:6      | Found a shattered altar of Ashenzari.
  5913 | D:6      | Found an ancient bone altar of Kikubaaqudgha.
  5916 | D:6      | Found a stormy altar of Qazlal.
  6021 | D:7      | Found a snail-covered altar of Cheibriados.
  6072 | D:7      | Found a staircase to the Ecumenical Temple.
  6142 | D:7      | Identified the Compendium of Aerial Transmutation
  6722 | D:7      | Noticed nubinia's ghost (novice SpAr)
  6727 | D:7      | Killed nubinia's ghost
  6731 | D:7      | Reached XP level 10. HP: 60/63 MP: 10/10
  7098 | D:8      | Found Uzubufo's Antique Weapon Boutique.
  7101 | D:8      | Bought a transparent falchion for 224 gold pieces
  7103 | D:8      | Identified the cursed +1 falchion "Fimelui" {flame, rC+ MR- Str+4 Dex+3} (You bought it in a shop on level 8 of the Dungeon)
  7215 | D:8      | Found a staircase to the Lair.
  7560 | D:8      | Found an oddly glowing altar of Pakellas.
  8372 | Lair:1   | Entered Level 1 of the Lair of Beasts
  8497 | Lair:1   | Reached ***** piety under Trog
  8500 | Lair:1   | Noticed BulkMonkey's ghost (journeyman DDCK)
  8546 | Lair:1   | Killed BulkMonkey's ghost
  9333 | Lair:2   | Noticed a spriggan rider
  9373 | Lair:2   | Reached XP level 11. HP: 38/69 MP: 11/11
  9834 | Lair:2   | Reached skill level 10 in Armour
  9942 | Lair:2   | Noticed a seven-headed hydra
  9952 | Lair:2   | Killed a two-headed hydra
  9952 | Lair:2   | Reached skill level 10 in Long Blades
 10829 | Lair:2   | Noticed a six-headed hydra
 10838 | Lair:2   | Killed a one-headed hydra
 11050 | Lair:2   | Received a gift from Trog
 11427 | Lair:2   | Found a shadowy altar of Dithmenos.
 11560 | Lair:2   | Reached skill level 10 in Fighting
 11685 | Lair:3   | Reached XP level 12. HP: 77/77 MP: 12/12
 11740 | Lair:3   | Received a gift from Trog
 11747 | Lair:3   | Got a twisted triple crossbow {god gift}
 11748 | Lair:3   | Identified the +8 triple crossbow of Wrath {velocity, +Inv rN+ Int+3 Dex+3} (Trog gifted it to you on level 3 of the Lair of Beasts)
 13431 | Lair:4   | Noticed puimuR's ghost (journeyman TrWr)
 13447 | Lair:4   | Killed puimuR's ghost
 13555 | Lair:4   | Noticed Snorg
 13574 | Lair:4   | Killed Snorg
 13574 | Lair:4   | Reached skill level 1 in Crossbows
 13704 | Lair:4   | Reached skill level 1 in Evocations
 13723 | Lair:4   | Found a hole to the Spider Nest.
 14150 | Lair:4   | Noticed a six-headed hydra
 14165 | Lair:4   | Killed a one-headed hydra
 14362 | Lair:4   | Found a staircase to the Shoals.
 14673 | Lair:4   | Reached XP level 13. HP: 75/84 MP: 14/14
 15034 | Lair:5   | Received a gift from Trog
 15186 | Lair:5   | Found a labyrinth entrance.
 15208 | Lab      | Entered a labyrinth
 15548 | Lab      | Noticed a minotaur
 15566 | Lab      | Killed a minotaur
 15986 | Lair:5   | Received a gift from Trog
 16317 | Lair:6   | Noticed Josephine
 16327 | Lair:6   | Killed Josephine
 17157 | Lair:6   | Found a viscous altar of Jiyva.
 17157 | Lair:6   | Found a staircase to the Slime Pits.
 17751 | Lair:7   | Received a gift from Trog
 17771 | Lair:6   | Reached skill level 5 in Crossbows
 17781 | Lair:6   | Gained mutation: Your large and strong wings let you fly indefinitely. [Gargoyle growth]
 17781 | Lair:6   | Reached XP level 14. HP: 26/92 MP: 17/17
 19002 | Lair:8   | Entered Level 8 of the Lair of Beasts
 19243 | Lair:8   | Reached skill level 5 in Evocations
 19306 | Lair:8   | Received a gift from Trog
 19330 | Lair:8   | HP: 2/92 [basilisk (9)]
 19330 | Lair:8   | Demolished by a komodo dragon

Skill      XL: |  1  2  3  4  5  6  7  8  9 10 11 12 13 14 |
---------------+-------------------------------------------+-----
Long Blades    | 3 4 6 8 9 10 11 12 13 | 13.0
Dodging        | 2 3 4 5 6 |  6.4
Fighting       | 4 5 6 7 8 10 11 12 | 12.4
Armour         | 3 4 6 7 9 11 12 13 | 13.5
Stealth        | 1 |  1.6
Crossbows      | 2 5 |  5.8
Evocations     | 2 4 5 |  5.1

Action                   |  1- 3 |  4- 6 |  7- 9 | 10-12 | 13-15 || total
-------------------------+-------+-------+-------+-------+-------++-------
Melee: Falchion          |   114 |   159 |   130 |  1001 |   145 ||  1549
       Long sword        |       |       |   379 |   125 |       ||   504
       Double sword      |       |       |       |       |   307 ||   307
Invok: Berserk           |     1 |     2 |     5 |     8 |     2 ||    18
       Trog's Hand       |       |     1 |     2 |     1 |     1 ||     5
       Burn Spellbooks   |       |       |       |     1 |       ||     1
 Abil: Fly               |       |       |       |       |     1 ||     1
  Use: Potion            |       |       |     1 |     4 |     3 ||     8
       Scroll            |       |       |       |    18 |     6 ||    24
  Eat: Chunk             |     2 |     3 |    19 |    26 |    11 ||    61
       Bread ration      |       |     1 |       |       |       ||     1
       Beef jerky        |       |       |       |     3 |     2 ||     5
       Meat ration       |       |       |       |     2 |       ||     2
       Pizza             |       |       |       |     2 |       ||     2
       Fruit             |       |       |       |     2 |     4 ||     6
Armor: Animal skin       |    37 |       |       |       |       ||    37
       Leather armour    |    16 |       |       |       |       ||    16
       Ring mail         |    10 |    72 |    70 |       |       ||   152
       Plate armour      |       |       |   333 |   805 |   432 ||  1570
Dodge: Dodged            |   105 |    89 |   259 |   493 |   272 ||  1218
Block: Other             |       |       |       |   140 |    76 ||   216
       Reflection        |       |       |       |     1 |       ||     1
